 Dungeon Crawl Stone Soup version 0.29.1-15-g9cfb28693d (webtiles) character file.

Game seed: 15681027979812183725

25 Ast3rio the Chopper (level 3, -3/33 HPs)
             Began as a Hill Orc Monk on Mar 14, 2023.
             Slain by a gnoll
             ... wielding a +0 spear
              (8 damage)
             ... on level 2 of the Dungeon.
             The game lasted 00:00:45 (702 turns).

Ast3rio the Chopper (Hill Orc Monk)                  Turns: 702, Time: 00:00:45

Health: -3/33      AC:  2    Str: 15    XL:     3   Next: 4%
Magic:  3/3        EV: 12    Int: 10    God:
Gold:   24         SH:  0    Dex: 13    Spells: 2/2 levels left

rFire   . . .      SeeInvis .   a - +0 hand axe
rCold   . . .      Faith    .   (no shield)
rNeg    . . .      Spirit   .   b - +0 robe
rPois   .          Reflect  .   (no helmet)
rElec   .          Harm     .   (no cloak)
rCorr   .          Rampage  .   (no gloves)
Will    .....                   (no boots)
Stlth   ++........              (no amulet)
HPRegen 0.11/turn               (no ring)
MPRegen 0.08/turn               (no ring)

@: no status effects
A: no striking features
a: no special abilities


You were on level 2 of the Dungeon.
You visited 1 branch of the dungeon, and saw 2 of its levels.

You collected 24 gold pieces.

Inventory:

Hand Weapons
 a - a +0 hand axe (weapon)
Armour
 b - a +0 robe (worn)
Scrolls
 f - a scroll of identify {unknown}
Potions
 c - a potion of ambrosia
 d - a potion of magic {unknown}
 e - a potion of mutation {unknown}
 g - a potion of flight {unknown}


   Skills:
 + Level 4.1 Fighting
 + Level 4.4 Axes
 + Level 2.8 Dodging
 + Level 1.6 Stealth


You had 2 spell levels left.
You didn't know any spells.
Your spell library was empty.

Dungeon Overview and Level Annotations

Branches:
Dungeon (1/15)

Altars:


Message History

A gnoll comes into view. It is wielding a +0 whip.
The gnoll shouts! x2
You hit the hobgoblin.
The hobgoblin is moderately wounded.
The hobgoblin barely misses you.
You closely miss the hobgoblin.
The hobgoblin is moderately wounded.
The hobgoblin barely misses you.
You hit the hobgoblin.
You kill the hobgoblin!
You barely miss the gnoll. The gnoll barely misses you.
You have reached level 3!
Your experience leads to an increase in your attributes!
Increase (S)trength, (I)ntelligence, or (D)exterity?
You feel stronger. x2
You hit the rat.
You kill the rat!
You hit the gnoll. The gnoll hits you with a +0 whip.
The gnoll hits you with a +0 whip.
You hit the gnoll but do no damage.
The gnoll is lightly wounded.
You hit the gnoll. The gnoll closely misses you.
You closely miss the gnoll.
The gnoll is lightly wounded.
You hit the gnoll. x2; The gnoll closely misses you. x2
The gnoll barely misses you.
The gnoll hits you from afar with a +0 spear!
You hit the gnoll.
The gnoll is moderately wounded.
You hit the gnoll but do no damage. You hit the gnoll.
The gnoll hits you with a +0 whip. The gnoll closely misses you.
The gnoll hits you with a +0 flail.
The gnoll hits you from afar with a +0 spear.
* * * LOW HITPOINT WARNING * * *
Sorry, you're not good enough to have a special ability.
You hit the gnoll but do no damage.
The gnoll is heavily wounded.
You hit the gnoll. x2; The gnoll barely misses you.
The gnoll hits you from afar with a +0 spear!
You die...

## ##...## ##....###.#
... .#####..###
#.##(.#..#.... ...##..##
##...###.......#
##.##.####
#.$.##......#.....
#.......######..#
#.########.#.
#####.##...#....# # .#
#........#....##### .# #
#........##.....g†#...##
#...[.......##..@.g.....
#........######.ggP.P...
########## #.###+###.
#.# #.# #.# #.# #.


You could see 4 gnolls.

Vanquished Creatures
  An adder (D:2)
  A worm (D:2)
  2 ball pythons
  3 endoplasms
  A hobgoblin (D:2)
  A frilled lizard (D:2)
  2 goblins (D:2)
  A kobold (D:1)
  A rat (D:2)
13 creatures vanquished.

Notes
Turn   | Place    | Note
-------+----------+-------------------------------------------
     0 | D:1      | Ast3rio the Hill Orc Monk began the quest for the Orb.
     0 | D:1      | Reached XP level 1. HP: 19/19 MP: 1/1
    34 | D:1      | You fall into a shaft and drop 1 floor!
   189 | D:2      | Reached XP level 2. HP: 16/27 MP: 2/2
   697 | D:2      | Reached XP level 3. HP: 33/33 MP: 3/3
   702 | D:2      | Slain by a gnoll

Illustrated notes

Levels and vault maps discovered:
D:1:      dpeg_arrival_orchard, layout_rooms
D:2:      layout_rooms, dreamdust_ecumenical_altar_sealed_demon

Skill      XL: |  1  2 |
---------------+-------+-----
Fighting       | 4 |  4.1
Axes           | |  4.4
Dodging        | |  2.8
Stealth        | |  1.6

Action                   || total
-------------------------++-------
Melee: Hand axe          ||    40
Dodge: Dodged            ||    30
